 Dungeon Crawl Stone Soup version 0.17-a0-2073-gde5cdba (webtiles) character file.

106 Kidiri the Conjurer (level 4, 0/35 HPs)
             Began as a Draconian Conjurer on Oct 14, 2015.
             Slain by Grinder (6 damage)
             ... on level 3 of the Dungeon.
             The game lasted 00:09:55 (3066 turns).

Kidiri the Conjurer (Draconian Conjurer)            Turns: 3066, Time: 00:09:55

Health: 0/35       AC:  5    Str: 10    XL:     4   Next: 55%
Magic:  1/8        EV: 12    Int: 17    God:
Gold:   83         SH:  0    Dex: 11    Spells: 3 memorised, 3 levels left

rFire  . . .     SeeInvis .     f - +1 dagger (venom)
rCold  . . .     Clarity  .     (armour unavailable)
rNeg   . . .     SustAt   .     (no shield)
rPois  .         Gourm    .     (helmet restricted)
rElec  .         Spirit   .     (no cloak)
rCorr  .         Warding  .     (no gloves)
rMut   .         Stasis   .     (no boots)
MR     .....                    (no amulet)
Stlth  ++........               (no ring)
                                (no ring)

@: very slightly contaminated, hasted, very quick, not resistant to hostile
enchantments, unstealthy
A: unfitting armour, cold-blooded, AC +5
a: no special abilities


You were on level 3 of the Dungeon.
You were hungry.

You visited 1 branch of the dungeon, and saw 3 of its levels.

You collected 83 gold pieces.

Inventory:

Hand Weapons
 f - a +1 dagger of venom (weapon)
Scrolls
 e - 5 scrolls of identify {unknown}
 j - a scroll of enchant armour {unknown}
Potions
 h - a potion of cure mutation {unknown}
Books
 a - a book of Conjurations

   Spells                             Type                      Level
   a - Magic Dart                     Conjuration                  1
   b - Searing Ray                    Conjuration                  2
   c - Dazzling Spray                 Conjuration/Hexes            3
   d - Fulminant Prism                Conjuration/Hexes            4
   e - Iskenderun's Mystic Blast      Conjuration                  4
   f - Iskenderun's Battlesphere      Conjuration/Charms           5
Comestibles
 b - 4 chunks of flesh
 d - a bread ration
 g - 2 meat rations


   Skills:
 + Level 1.4 Fighting
 + Level 2.2 Dodging
 + Level 2.5 Stealth
 * Level 3.1 Spellcasting
 + Level 4.2 Conjurations
 + Level 0.5 Hexes


You had 3 spell levels left.
You knew the following spells:

 Your Spells              Type           Power        Failure   Level  Hunger
a - Magic Dart            Conj           ###.         2%          1    None
b - Searing Ray           Conj           ###...       4%          2    ##.....
c - Dazzling Spray        Conj/Hex       ##......     21%         3    ###....


Dungeon Overview and Level Annotations

Branches:
Dungeon (3/15)

Altars:

Annotations:
D:3 Grinder, Natasha


Innate Abilities, Weirdness & Mutations

Your plain brown scales are hard (AC +5).
Your body does not fit into most forms of armour.
You are cold-blooded and may be slowed by cold attacks.


Message History

Unknown command.
Unknown command.
You hit Grinder but do no damage.
Grinder is moderately wounded.
Grinder barely misses you.
You hit Grinder.
Grinder is heavily wounded.
Grinder gestures at you. You resist with significant effort.
You closely miss Grinder.
Grinder is heavily wounded.
Grinder gestures.
Grinder blinks!
Drink which item? (? for menu, Esc to quit)
It was a potion of haste.
You feel yourself speed up.
You are very lightly contaminated with residual magic.
Grinder hits you!
* * * LOW HITPOINT WARNING * * *
You writhe in agony.
You die...

##.#.####...........#..o.
##.#.# #<########..#..#
...#.# #.##....##5.#..#
.###.####+##.##.##.s.g.#
.)...##....#.#....)###.#
.#.#..'.รท..#.#..##.# .#
...#.##...)#(#..##)# s#
.....##....#.#.###.# .#
.#....###'##.#..@5.# .#
.###...##.##.####### .#
.......##.##..<..... .#
..#....##.##......##
..#....##.##......#
........##......#
......#.#......##
......#........# .....
#........#


You could see Grinder.

Vanquished Creatures
  2 adders
  3 worms (D:2)
  A giant gecko (D:1)
  An orc (D:3)
  5 giant cockroaches
  9 goblins
  10 hobgoblins
  3 kobolds (D:2)
  A quokka (D:2)
  A ball python (D:2)
  8 bats
  6 giant newts
  15 jackals
  9 rats
74 creatures vanquished.

Notes
Turn   | Place    | Note
--------------------------------------------------------------
     0 | D:1      | Kidiri the Draconian Conjurer began the quest for the Orb.
     0 | D:1      | Reached XP level 1. HP: 14/14 MP: 3/3
   132 | D:1      | Reached XP level 2. HP: 14/22 MP: 0/5
   270 | D:1      | Learned a level 2 spell: Searing Ray
   979 | D:1      | Reached XP level 3. HP: 27/27 MP: 6/6
  1085 | D:1      | Learned a level 3 spell: Dazzling Spray
  1322 | D:1      | Reached skill level 1 in Fighting
  2376 | D:2      | Reached XP level 4. HP: 26/35 MP: 3/8
  3034 | D:3      | Noticed Natasha
  3035 | D:3      | Noticed Grinder
  3037 | D:3      | Paralysed by Grinder for 2 turns
  3066 | D:3      | Slain by Grinder

Vault maps used:
D:1:      dpeg_arrival_short_road, minmay_misc_feat_roman,
          minmay_misc_feat_nine_boxes
D:3:      lemuel_doored_altar, uniq_natasha, uniq_grinder

Action                   |  1- 3 |  4- 6 || total
-------------------------+-------+-------++-------
Melee: Club              |    13 |       ||    13
       Unarmed           |     2 |       ||     2
       Dagger            |    61 |    16 ||    77
 Cast: Magic Dart        |    69 |    18 ||    87
       Searing Ray       |     3 |     2 ||     5
       Dazzling Spray    |       |     2 ||     2
  Use: Potion            |       |     1 ||     1
 Stab: Sleeping          |     5 |     1 ||     6
  Eat: Chunk             |     1 |     2 ||     3
       Bread ration      |     1 |       ||     1
